 Dungeon Crawl Stone Soup version 0.30-a0-381-g6ea064c7b4 (webtiles) character file.

Game seed: 5581020973821913919

258 Nonseq the Covert (level 5, -2/35 HPs)
             Began as a Vampire Enchanter on Dec 1, 2022.
             Was an Initiate of Kikubaaqudgha.
             Killed from afar by Dowan (18 damage)
             ... with a stone arrow
             ... on level 4 of the Dungeon.
             The game lasted 00:06:46 (3521 turns).

Nonseq the Covert (Vampire Enchanter)               Turns: 3521, Time: 00:06:48

Health: -2/35      AC:  5    Str:  7    XL:     5   Next: 94%
Magic:  4/8        EV: 12    Int: 20    God:    Kikubaaqudgha [......]
Gold:   207        SH:  0    Dex: 14    Spells: 0/8 levels left

rFire   + . .      SeeInvis +    a - +1 dagger
rCold   . . .      Faith    .    (no shield)
rNeg    . . .      Spirit   .    b - +0 robe
rPois   .          Reflect  .    f - +1 helmet {SInv}
rElec   .          Harm     .    n - +0 cloak of the Planets {Rampage rF+ Regen+}
rCorr   .          Rampage  +    (no gloves)
Will    .....                    (no boots)
Stlth   ++++......               (no amulet)
HPRegen 1.25/turn                (no ring)
MPRegen 0.11/turn                (no ring)

@: healing quickly, invisible
A: alive, fangs 3, see invisible, vampiric 2
a: Exsanguinate, Renounce Religion


You were on level 4 of the Dungeon.
You worshipped Kikubaaqudgha.
Kikubaaqudgha was noncommittal.
You visited 2 branches of the dungeon, and saw 5 of its levels.

You collected 207 gold pieces.

Inventory:

Hand Weapons
 a - a +1 dagger (weapon)
Armour
 b - a +0 robe (worn)
 f - a +1 helmet of see invisible (worn)
 n - the +0 cloak of the Planets (worn) {Rampage rF+ Regen+}
   (You acquired it on level 3 of the Dungeon)

   rF:        It protects you from fire.
   Regen:     It increases your rate of health regeneration.
   Rampage:   It bestows one free step when moving towards enemies.
Scrolls
 h - a scroll of immolation
Potions
 c - a potion of invisibility
 d - a potion of brilliance
 g - a potion of heal wounds {unknown}
 j - 2 potions of degeneration {unknown}
 k - a potion of resistance {unknown}
 l - a potion of might {unknown}
 m - a potion of haste {unknown}
 o - a potion of ambrosia {unknown}


   Skills:
 + Level 0.3 Fighting
 - Level 1.1 Short Blades
 - Level 2.3 Dodging
 + Level 8.4 Stealth
 - Level 2.1 Spellcasting
 + Level 6.8 Hexes


You couldn't memorise any spells.
You knew the following spells:

 Your Spells              Type           Power      Damage    Failure   Level
a - Ensorcelled Hibernat  Hex/Ice        30%        N/A       6%          2
b - Tukima's Dance        Hex            29%        N/A       2%          3
c - Dazzling Flash        Conj/Hex       30%        N/A       12%         3

Your spell library contained the following spells:

 Spells                   Type           Power      Damage    Failure   Level
 Confusing Touch          Hex            29%        N/A       2%          3
 Stone Arrow              Conj/Erth      4%         3d7       43%         3
 Animate Armour           Summ/Erth      4%         N/A       83%         4
 Lehudib's Crystal Spear  Conj/Erth      1%         10d2      100%        8


Dungeon Overview and Level Annotations

Branches:
Dungeon (4/15)             Temple (1/1) D:4

Altars:
Ashenzari
Cheibriados
Dithmenos
Fedhas
Gozag
Hepliaklqana
Kikubaaqudgha
Nemelex Xobeh
Okawaru
Qazlal
Ru
Sif Muna
Trog
Uskayaw
Vehumet
Xom
Yredelemnul

Shops:
D:4 :

Annotations:
D:3 2 transporters
D:4 Dowan


Innate Abilities, Weirdness & Mutations

Your natural rate of healing is accelerated.
You have razor-sharp teeth.
You have supernaturally acute eyesight. (SInv)
You are afflicted with vampirism and can become a bat while bloodless.


Message History

Dowan hits you with a +2 dagger of venom.
You are poisoned.
You hit Duvessa but do no damage.
Duvessa is severely wounded.
You feel very sick. Dowan closely misses you. Duvessa closely misses you.
You feel better. Dowan closely misses you.
Duvessa says, "When magic and the sword combine, nothing stands against them."
Duvessa hits you!
You fade into invisibility!
Dowan hits you with a +2 dagger of venom.
You are poisoned.
Duvessa closely misses you.
You hit Duvessa.
Duvessa is severely wounded.
You feel very sick. Duvessa closely misses you. Dowan closely misses you.
You hit Dowan but do no damage. You bite Dowan.
Dowan is lightly wounded.
You feel sick.
Dowan hits you with a +2 dagger of venom.
* * * LOW HITPOINT WARNING * * *
You are more poisoned.
Duvessa barely misses you.
You catch the helpless Duvessa completely off-guard!
You puncture Duvessa!
You kill Duvessa!
Kikubaaqudgha accepts your kill.
Dowan seems overcome with grief.
You feel very sick. Dowan misses you.
Your Stealth skill increases to level 8!
You feel better. Dowan barely misses you.
You hit Dowan.
Dowan is lightly wounded.
Dowan points at you and mumbles some strange words.
The stone arrow hits you!!
Ouch! That really hurt!
You die...
Kikubaaqudgha rasps: "You have failed me!
Welcome... death!"

... #.. #### #.#
....# #+# ######.#
.!..# #.#
######....#.#.....#
#.#
#...........#.∩...#
#.#
#...##...##.......#
#.# #...##...##@#
#.# #.........[e#
#.# #......>....#
#.####...........#
#....'...##...##.#
.#####..e##...##.#
..####...........#
#ee(........###..#
#####.#####.# #.#


You could see Dowan (unable to see you).

Vanquished Creatures
  Duvessa (D:4)
  7 gnolls
  3 adders
  An ufetubus (D:3)
  A worm (D:2)
  2 dart slugs
  An orc (D:3)
  6 bats
  2 endoplasms (D:2)
  2 giant cockroaches (D:2)
  3 goblins
  6 hobgoblins
  A quokka (D:1)
  3 ball pythons
  A frilled lizard (D:2)
  5 kobolds
  7 rats
52 creatures vanquished.

Vanquished Creatures (others)
  3 dancing weapons
3 creatures vanquished.

Grand Total: 55 creatures vanquished

Notes
Turn   | Place    | Note
-------+----------+-------------------------------------------
     0 | D:1      | Nonseq the Vampire Enchanter began the quest for the Orb.
     0 | D:1      | Reached XP level 1. HP: 13/13 MP: 3/3
   490 | D:1      | Reached XP level 2. HP: 4/19 MP: 5/5
   881 | D:2      | Learned a level 2 spell: Ensorcelled Hibernation
   989 | D:2      | Reached skill level 5 in Stealth
  1068 | D:2      | Reached skill level 5 in Hexes
  1078 | D:2      | Gained mutation: You are afflicted with vampirism and can
                  | become a bat while bloodless. [Vampire growth]
  1078 | D:2      | Reached XP level 3. HP: 9/24 MP: 1/6
  1346 | D:2      | Learned a level 3 spell: Tukima's Dance
  1524 | D:2      | Reached skill level 6 in Stealth
  1583 | D:2      | Reached XP level 4. HP: 21/30 MP: 0/7
  2281 | D:3      | Found a transporter.
  2301 | D:3      | Found a transporter.
  2359 | D:3      | Identified a scroll of acquirement
  2359 | D:3      | Acquired the +0 cloak of the Planets {Rampage rF+ Regen+}
  2564 | D:3      | Reached skill level 7 in Stealth
  2568 | D:3      | Reached XP level 5. HP: 35/35 MP: 3/8
  2798 | D:3      | Found a snail-covered altar of Cheibriados.
  2799 | D:3      | Found a hazy altar of Hepliaklqana.
  2959 | D:4      | Found a staircase to the Ecumenical Temple.
  2976 | D:4      | Noticed a black bear
  2977 | D:4      | Noticed Dowan
  2979 | D:4      | Noticed Duvessa
  3003 | D:4      | Found Umeiw's Book Emporium.
  3007 | Temple   | Entered the Ecumenical Temple
  3007 | Temple   | Found a transporter.
  3007 | Temple   | Found a transporter.
  3055 | Temple   | Found a transporter.
  3055 | Temple   | Found a transporter.
  3274 | Temple   | Became a worshipper of Kikubaaqudgha
  3493 | Temple   | Learned a level 3 spell: Dazzling Flash
  3519 | D:4      | Killed Duvessa
  3520 | D:4      | Reached skill level 8 in Stealth
  3521 | D:4      | Killed from afar by Dowan

Illustrated notes

Levels and vault maps discovered:
D:1:      tarquinn_simple_flora_water_a, layout_loops_corners
D:2:      layout_loops_corners, basic_altar, minmay_tromino_v4_a
D:3:      gammafunk_steamed_eel, layout_loops_ring, zin_academy,
          mainiacjoe_overflow_divided_tiny, st_stairs_2,
          kennysheep_cross_bottleneck
D:4:      layout_basic, minmay_temple_entry_stoned_glass, serial_shops, shop,
          minmay_circle_x, uniq_duvessa
Temple:   hellmonk_temple_divided_pantheon

Skill      XL: |  1  2  3  4  5 |
---------------+----------------+-----
Stealth        | 5 6 7 8 |  8.4
Hexes          | 5 6 |  6.8
Fighting       | |  0.3
Short Blades   | |  1.1
Dodging        | |  2.3
Spellcasting   | |  2.1

Action                   |  1- 3 |  4- 6 || total
-------------------------+-------+-------++-------
Melee: Dagger            |   101 |   104 ||   205
       Bite              |    15 |     9 ||    24
 Cast: Ensorcelled Hiber |     9 |     8 ||    17
       Tukima's Dance    |     4 |     1 ||     5
  Use: Scroll            |       |     6 ||     6
       Potion            |       |     3 ||     3
 Stab: Sleeping          |    11 |    10 ||    21
       Distracted        |       |     1 ||     1
       Invisible         |       |     1 ||     1
Armor: Robe              |    33 |    24 ||    57
Dodge: Dodged            |    49 |    69 ||   118

Table legend: (Time is in decaauts)
 A = Elapsed time spent in this place.
 B = Non-inter-level travel time spent in this place.
 C = Inter-level travel time spent in this place.
 D = Time resting spent in this place.
 E = Time spent auto-exploring this place.
 F = Levels seen in this place.
 G = Mean time per level.
                   A        B        C        D        E       F      G
               +--------+--------+--------+--------+--------+-----+--------+
         Total |   3509 |   3428 |     81 |    406 |   2386 |   5 |  701.8 |
       Dungeon |   3022 |   2941 |     81 |      6 |   2338 |   4 |  755.5 |
        Temple |    486 |    486 |      0 |    400 |     48 |   1 |  486.0 |
               +--------+--------+--------+--------+--------+-----+--------+

Top non-repeatable levels by time:
     D:2: 1288 daAuts
     D:1: 957 daAuts
     D:3: 651 daAuts
  Temple: 486 daAuts
     D:4: 125 daAuts
